 Dungeon Crawl Stone Soup version 0.23.2-33-g5129a83184 (webtiles) character file.

Game seed: 8091896178955486988

15209641 Ivernyr the Hand of Fortune (level 27, 91/156 HPs)
             Began as a Vine Stalker Fighter on June 28, 2019.
             Was the Champion of Nemelex Xobeh.
             Escaped with the Orb
             ... and 15 runes on July 4, 2019!
             The game lasted 15:35:57 (103812 turns).

Ivernyr the Hand of Fortune (VSFi)                Turns: 103812, Time: 15:35:58

Health: 91/156     AC: 55    Str: 22    XL:     27
Magic:  20/37      EV: 22    Int:  6    God:    Nemelex Xobeh [******]
Gold:   13275      SH: 20    Dex: 26    Spells: 26/26 levels left

rFire    + + +     SeeInvis +   a - +10 flail "Bafeaj" {protect, *Slow rElec rPois rF+}
rCold    + . .     Gourm    .   F - +0 shield {reflect}
rNeg     + . .     Faith    .   O - +7 crystal plate armour of Indemnity {rF+ Regen+}
rPois    +         Spirit   +   y - +2 hat {MR+}
rElec    +         Reflect  +   w - +2 cloak {MR+}
rCorr    .         Harm     .   h - +2 pair of gloves
MR       +++++                  z - +2 pair of boots {run}
Stlth    ..........             X - amulet of Entrepreneurial Spirit {Acrobat Slay+6}
HPRegen  1.56/turn              r - ring "Cixuphet" {rPois rN+ Int-2 Dex+4 SInv}
MPRegen  0.25/turn              m - ring of Ylouv {rPois rF++ rC+}

@: quick
A: antennae 1, claws 1, fangs 3, repulsion field 1, molten scales 1, thin
metallic scales 1, deterioration 1, frail 1, low mp 1, mutation resistance 1,
regeneration 2, weak 1, wild magic 2, magic shield, antimagic bite, no potion
heal 3, rot immunity
0: Orb of Zot
}: 15/15 runes: decaying, serpentine, slimy, silver, golden, iron, obsidian,
icy, bone, abyssal, demonic, glowing, magical, fiery, dark
a: Draw Escape, Draw Destruction, Draw Summoning, Draw Stack, Triple Draw, Deal
Four, Stack Five, Renounce Religion


You escaped.
You worshipped Nemelex Xobeh.
Nemelex Xobeh was exalted by your worship.
You were not hungry.

You visited 18 branches of the dungeon, and saw 89 of its levels.
You visited Pandemonium 1 time, and saw 21 of its levels.
You visited the Abyss 3 times.

You collected 18131 gold pieces.
You spent 4856 gold pieces at shops.

Inventory:

Hand Weapons
 a - the +10 flail "Bafeaj" (weapon) {protect, *Slow rElec rPois rF+}
   (You took it off a fire giant on level 5 of the Vaults)

   It protects the one who uses it against injury (+AC on strike).
   It protects you from fire.
   It insulates you from electricity.
   It protects you from poison.
   It may slow you when you take damage.
 M - a +9 flail of holy wrath
Armour
 h - a +2 pair of gloves (worn)
 w - a +2 cloak of magic resistance (worn)
 y - a +2 hat of magic resistance (worn)
 z - a +2 pair of boots of running (worn)
 F - a +0 shield of reflection (worn)
 O - the +7 crystal plate armour of Indemnity (worn) {rF+ Regen+}
   (You acquired it in Pandemonium)

   It protects you from fire.
   It increases your rate of regeneration.
 U - a +1 chain mail of positive energy
Jewellery
 b - an uncursed ring of resist corrosion
 l - an uncursed ring of positive energy
 m - the ring of Ylouv (right hand) {rPois rF++ rC+}
   (You took it off an efreet in Pandemonium)

   [ring of poison resistance]

   It greatly protects you from fire.
   It protects you from cold.
   It protects you from poison.
 q - the amulet of Vitality {Regen+ HP+15}
   (You bought it in a shop on level 2 of the Elven Halls)

   [amulet of regeneration]

   It affects your health (+15).
   It increases your rate of regeneration.
 r - the ring "Cixuphet" (left hand) {rPois rN+ Int-2 Dex+4 SInv}
   (You took it off a deep elf mage on level 3 of the Elven Halls)

   [ring of see invisible]

   It affects your intelligence (-2).
   It affects your dexterity (+4).
   It protects you from poison.
   It protects you from negative energy.
   It lets you see invisible.
 X - the amulet of Entrepreneurial Spirit (around neck) {Acrobat Slay+6}
   (You bought it in a shop on level 2 of the Elven Halls)

   [amulet of the acrobat]

   It helps you evade while moving and waiting.
   It affects your accuracy and damage with ranged weapons and melee attacks
   (+6).
Wands
 k - a wand of digging (15)
 A - a wand of flame (13)
 B - a wand of scattershot (22)
 I - a wand of clouds (17)
 L - a wand of paralysis (3)
 N - a wand of iceblast (53)
Scrolls
 c - 4 scrolls of silence
 e - 3 scrolls of teleportation
 n - 38 scrolls of identify
 o - 38 scrolls of remove curse
 p - 14 scrolls of magic mapping
 u - 13 scrolls of fog
 D - 17 scrolls of amnesia
 E - 2 scrolls of blinking
 H - a scroll of holy word
 Q - 6 scrolls of brand weapon
 S - 13 scrolls of fear
 T - a scroll of enchant weapon
 W - 3 scrolls of summoning
 Y - 4 scrolls of torment
Potions
 d - 5 potions of might
 g - 9 potions of flight
 j - 6 potions of invisibility
 t - 5 potions of magic
 v - 40 potions of curing
 x - a potion of mutation
 C - 11 potions of haste
 G - 11 potions of brilliance
 J - 8 potions of lignification
 K - 4 potions of agility
 P - 3 potions of ambrosia
Miscellaneous
 i - a figurine of a ziggurat
Comestibles
 f - 73 rations


   Skills:
 O Level 27 Fighting
 + Level 21.8 Maces & Flails
 * Level 25.4 Armour
 + Level 20.0 Dodging
 O Level 27 Shields
 O Level 27 Invocations


You had 26 spell levels left.
You didn't know any spells.
Your spell library contained the following spells:

 Spells                   Type           Power        Failure   Level  Hunger
 Animate Skeleton         Necr           N/A          100%        1    ##.....
 Apportation              Tloc           #.....       100%        1    ##.....
 Beastly Appendage        Tmut           #.....       100%        1    ##.....
 Confusing Touch          Hex            #.....       100%        1    ##.....
 Flame Tongue             Conj/Fire      #....        100%        1    ##.....
 Freeze                   Ice            #...         100%        1    ##.....
 Magic Dart               Conj           #...         100%        1    ##.....
 Pain                     Necr           #...         100%        1    ##.....
 Sandblast                Erth           #.....       100%        1    ##.....
 Shock                    Conj/Air       #...         100%        1    ##.....
 Sting                    Conj/Pois      #...         100%        1    ##.....
 Summon Butterflies       Summ           #.......     100%        1    ##.....
 Summon Small Mammal      Summ           #...         100%        1    ##.....
 Blink                    Tloc           N/A          100%        2    ###....
 Call Imp                 Summ           #.......     100%        2    ###....
 Corpse Rot               Necr           N/A          100%        2    ###....
 Passwall                 Tmut/Erth      #.......     100%        2    ###....
 Poisonous Vapours        Pois/Air       #.....       100%        2    ###....
 Shroud of Golubria       Chrm/Tloc      #.........   100%        2    ###....
 Slow                     Hex            #.......     100%        2    ###....
 Song of Slaying          Chrm           #.......     100%        2    ###....
 Sticks to Snakes         Tmut           #.......     100%        2    ###....
 Sublimation of Blood     Necr           #.........   100%        2    ###....
 Swiftness                Chrm/Air       #.......     100%        2    ###....
 Throw Flame              Conj/Fire      #.....       100%        2    ###....
 Throw Frost              Conj/Ice       #.....       100%        2    ###....
 Call Canine Familiar     Summ           #.......     100%        3    ####...
 Confuse                  Hex            #.......     100%        3    ####...
 Conjure Flame            Conj/Fire      #.......     100%        3    ####...
 Gell's Gravitas          Tloc           #.........   100%        3    ####...
 Ignite Poison            Fire/Tmut/Pois #.......     100%        3    ####...
 Inner Flame              Hex/Fire       #.......     100%        3    ####...
 Lesser Beckoning         Tloc           #.........   100%        3    ####...
 Mephitic Cloud           Conj/Pois/Air  #.......     100%        3    ####...
 Ozocubu's Armour         Chrm/Ice       #.......     100%        3    ####...
 Portal Projectile        Hex/Tloc       #.....       100%        3    ####...
 Recall                   Summ/Tloc      N/A          100%        3    ####...
 Regeneration             Chrm/Necr      #.........   100%        3    ####...
 Spider Form              Tmut/Pois      #.........   100%        3    ####...
 Static Discharge         Conj/Air       #.......     100%        3    ####...
 Stone Arrow              Conj/Erth      #.....       100%        3    ####...
 Summon Guardian Golem    Hex/Summ       #.......     100%        3    ####...
 Teleport Other           Tloc           #.......     100%        3    ####...
 Tukima's Dance           Hex            #.......     100%        3    ####...
 Vampiric Draining        Necr           #.........   100%        3    ####...
 Airstrike                Air            #.........   100%        4    #####..
 Animate Dead             Necr           N/A          100%        4    #####..
 Cause Fear               Hex            #.........   100%        4    #####..
 Force Lance              Conj/Tloc      #.......     100%        4    #####..
 Ice Form                 Ice/Tmut       #.......     100%        4    #####..
 Leda's Liquefaction      Hex/Erth       #.........   100%        4    #####..
 Petrify                  Tmut/Erth      #.......     100%        4    #####..
 Sticky Flame             Conj/Fire      #.......     100%        4    #####..
 Summon Ice Beast         Ice/Summ       #.......     100%        4    #####..
 Summon Lightning Spire   Summ/Air       #.......     100%        4    #####..
 Throw Icicle             Conj/Ice       #.......     100%        4    #####..
 Alistair's Intoxication  Tmut/Pois      #.......     100%        5    ######.
 Aura of Abjuration       Summ           #.........   100%        5    ######.
 Blade Hands              Tmut           #.........   100%        5    ######.
 Bolt of Draining         Conj/Necr      #.........   100%        5    ######.
 Bolt of Magma            Conj/Fire/Erth #.........   100%        5    ######.
 Borgnjor's Vile Clutch   Necr/Erth      #.........   100%        5    ######.
 Dispel Undead            Necr           #.......     100%        5    ######.
 Excruciating Wounds      Chrm/Necr      #.........   100%        5    ######.
 Fireball                 Conj/Fire      #.........   100%        5    ######.
 Irradiate                Conj/Tmut      #.........   100%        5    ######.
 Iskenderun's Battlesphe  Conj/Chrm      #.......     100%        5    ######.
 Lee's Rapid Deconstruct  Erth           #.........   100%        5    ######.
 Lightning Bolt           Conj/Air       #.........   100%        5    ######.
 Metabolic Englaciation   Hex/Ice        #.........   100%        5    ######.
 Summon Demon             Summ           #.........   100%        5    ######.
 Summon Forest            Summ/Tloc      #.........   100%        5    ######.
 Summon Mana Viper        Hex/Summ       #.......     100%        5    ######.
 Venom Bolt               Conj/Pois      #.........   100%        5    ######.
 Yara's Violent Unravell  Hex/Tmut       #.........   100%        5    ######.
 Bolt of Cold             Conj/Ice       #.........   100%        6    #######
 Bolt of Fire             Conj/Fire      #.........   100%        6    #######
 Darkness                 Hex            #.........   100%        6    #######
 Death Channel            Necr           #.........   100%        6    #######
 Dispersal                Tloc           #.........   100%        6    #######
 Freezing Cloud           Conj/Ice/Air   #.........   100%        6    #######
 Hydra Form               Tmut           #.........   100%        6    #######
 Invisibility             Hex            #.......     100%        6    #######
 Iron Shot                Conj/Erth      #.........   100%        6    #######
 Ozocubu's Refrigeration  Ice            #.........   100%        6    #######
 Poison Arrow             Conj/Pois      #.........   100%        6    #######
 Shadow Creatures         Summ           N/A          100%        6    #######
 Simulacrum               Ice/Necr       #.........   100%        6    #######
 Statue Form              Tmut/Erth      #........    100%        6    #######
 Dragon Form              Tmut           #.........   100%        7    #######
 Orb of Destruction       Conj           #.........   100%        7    #######
 Ring of Flames           Chrm/Fire      #.........   100%        7    #######
 Spellforged Servitor     Conj/Summ      #.........   100%        7    #######
 Summon Hydra             Summ           #.........   100%        7    #######
 Chain Lightning          Conj/Air       #.........   100%        8    #######
 Controlled Blink         Tloc           N/A          100%        8    #######
 Death's Door             Chrm/Necr      #.........   100%        8    #######
 Disjunction              Tloc           #.........   100%        8    #######
 Ignition                 Fire           #.........   100%        8    #######
 Lehudib's Crystal Spear  Conj/Erth      #.........   100%        8    #######
 Dragon's Call            Summ           #.........   100%        9    #######
 Fire Storm               Conj/Fire      #.........   100%        9    #######
 Glaciate                 Conj/Ice       #.........   100%        9    #######
 Shatter                  Erth           #.........   100%        9    #######
 Passage of Golubria      Tloc           Unusable     N/A         4    N/A

Dungeon Overview and Level Annotations

Branches:
Dungeon (15/15)            Temple (1/1) D:4            Lair (6/6) D:10
  Swamp (4/4) Lair:3        Snake (4/4) Lair:2        Slime (5/5) Lair:5
    Orc (2/2) D:11            Elf (3/3) Orc:2        Vaults (5/5) D:13
  Crypt (3/3) Vaults:3       Tomb (3/3) Crypt:3      Depths (5/5) D:15
   Hell (1/1)                 Dis (7/7) Hell            Geh (7/7) Hell
    Coc (7/7) Hell            Tar (7/7) Hell            Zot (5/5) Depths:5

Altars:
Ashenzari
Cheibriados
Dithmenos
Elyvilon
Fedhas
Gozag
Hepliaklqana
Kikubaaqudgha
Makhleb
Nemelex Xobeh
Okawaru
Qazlal
Ru
Sif Muna
Trog
Uskayaw
Vehumet
Wu Jian
Xom
Yredelemnul
Zin
The Shining One
Beogh
Jiyva

Shops:
D:6 [   D:7 %   D:10 %:%*!   D:12 :   Orc:2 [?=(   Elf:2 =   Vaults:4 %
Depths:1 %[}(   Depths:2 =   Depths:4 [

Portals:
Hell: Depths:1 Depths:2 Depths:3 Depths:4 Depths:5
Abyss: Depths:4
Pandemonium: Depths:1 Depths:3 Depths:5
Ziggurat: Depths:3

Annotations:
D:11 1 runed translucent door, Gargoyl's ghost, journeyman CeAK
Elf:1 6 runed translucent doors
Elf:3 2 runed translucent doors, Ivernyr's ghost, adept GnWz
Depths:1 1 runed translucent door, exclusion: orange crystal statue
Depths:5 1 runed translucent door, Jori's ghost, veteran TrFi
Zot:3 2 runed translucent doors, Sotil's ghost, legendary DEFE


Innate Abilities, Weirdness & Mutations

You have razor-sharp teeth.
You heal very quickly.
When hurt, damage is shared between your health and your magic reserves.
Your bite disrupts and absorbs the magic of your enemies.
Potions cannot restore your health.
You are immune to rotting.
You have a pair of small antennae on your head.
You have sharp fingernails.
You are surrounded by a mild repulsion field. (EV +2)
You are partially covered in molten scales. (AC +2)
You are partially covered in thin metallic scales. (AC +2)
Your body sometimes deteriorates upon taking damage.
You are frail. (-10% HP)
Your magical capacity is low. (-10% MP)
You are somewhat resistant to further mutation.
You are weak. (Str -2)
Your spells are harder to cast, but more powerful.


Message History

You climb upwards.
There is a stone staircase leading down here.
You see here a stone.
There is a stone staircase leading up here.
You climb upwards.
There is a stone staircase leading down here.
There is an open door here.
A green death comes into view.
A hellion comes into view.
There is a dry fountain here.
The hellion gestures at you.
The sphere of damnation explodes!
The damnation engulfs you! The hellion gestures at you.
The sphere of damnation explodes!
The damnation engulfs you!! The hellion gestures at you.
The sphere of damnation explodes!
The damnation engulfs you!!
There is a staircase leading out of the dungeon here.
The hellion gestures at you.
The sphere of damnation explodes!
The damnation engulfs you!
You have escaped!

........#.###............(.......
.########......#################.
.# ################ #. .#
#####.............##### #. .#
###..........⌠..........### #.
.###...⌠.................⌠...###.
.##........⌠.........⌠........##.
.#.............................#.
.#...⌠.........(@..........⌠...#.
.#.............................#.
.##........⌠.........⌠...=....##.
..##...⌠..............2..⌠...##..
#..###..........⌠..........###..#
##...#####.............#####...##
.........#######.#######.....####
########....................2....
..........##..###################


You could see a hellion.

Vanquished Creatures
  Cerebov (Pan)
  Asmodeus (Geh:7)
  Antaeus (Coc:7)
  Ereshkigal (Tar:7)
  Gloorx Vloq (Pan)
  Lom Lobon (Pan)
  Mnoleg (Pan)
  Dispater (Dis:7)
  Khufu (Tomb:2)
  3 pandemonium lords
  8 ancient liches
  4 orbs of fire
  Mennas (Tomb:3)
  A juggernaut (Depths:5)
  19 greater mummies
  Sojobo (Tomb:3)
  3 Killer Klowns
  Boris (twice) (Crypt:3 Tomb:3)
  15 shard shrikes
  2 curse toes
  Saint Roka (Depths:1)
  Geryon (Hell)
  Margery (Depths:3)
  Bai Suzhen (Swamp:4)
  2 golden dragons
  17 bone dragons
  3 doom hounds (Tar:7)
  17 Tzitzimimeh
  A hellephant (Hell)
  An electric golem (Zot:5)
  3 iron giants (Dis:7)
  23 Hell Sentinels
  23 Brimstone Fiends
  16 liches
  14 tentacled monstrosities
  8 titans
  21 Orb Guardians
  6 quicksilver dragons
  24 Ice Fiends
  2 deep elf master archers (Elf:3)
  5 death cobs
  4 deep elf blademasters
  17 acid blobs
  31 Executioners
  9 sphinxes
  3 eldritch tentacles
  Gastronok (Lair:2)
  11 tentacled starspawn
  A thorn hunter (Swamp:4)
  Frances (Swamp:2)
  8 ancient champions
  9 tengu reavers
  11 azure jellies
  Roxanne (Swamp:1)
  12 shadow dragons
  3 revenants
  9 nagarajas
  Donald (Orc:1)
  15 fire giants
  8 draconian monks
  16 storm dragons
  15 iron dragons
  A juggernaut zombie (Depths:4)
  2 daevas
  8 draconian scorchers
  12 frost giants
  6 draconian knights
  12 deep elf sorcerers
  Aizul (Snake:4)
  3 ghost moths
  4 warmongers (Pan)
  43 balrugs
  34 cacodemons
  10 vault wardens
  92 large abominations
  4 ghouls
  4 deep elf elementalists
  6 curse skulls
  9 draconian shifters
  10 draconian annihilators
  19 very ugly things
  22 war gargoyles
  A draconian stormcaller (Depths:5)
  6 spriggan defenders
  3 elemental wellsprings (Coc:7)
  57 reapers
  4 corrupters (Pan)
  22 ironheart preservers
  12 deep elf demonologists
  21 stone giants
  A caustic shrike skeleton (Depths:4)
  An entropy weaver (Vaults:2)
  7 blood saints (Pan)
  15 green draconians
  5 deep elf annihilators
  9 bennus
  19 black draconians
  9 yellow draconians
  A vampire knight (Depths:4)
  18 lorocyprocas
  3 black suns (Pan)
  20 red draconians
  9 white draconians
  22 purple draconians
  5 spark wasps
  26 blizzard demons
  17 ettins
  22 mummy priests
  6 death oozes
  12 deep elf death magi
  20 green deaths
  A merfolk impaler (Depths:1)
  9 fire dragons
  16 eidola
  9 jiangshi
  A crystal guardian (Vaults:3)
  8 quicksilver dragon zombies
  15 yaktaur captains
  12 ogre magi
  10 deep elf high priests
  27 vault guards
  18 great orbs of eyes
  2 kraken zombies
  6 monstrous demonspawn
  Fannar (Lair:2)
  7 hell beasts
  17 ice dragons
  9 hydras
  7 rakshasas
  6 shambling mangroves
  6 spriggan air magi
  10 quicksilver dragon skeletons
  11 naga warriors
  2 catoblepae (Lair:5)
  7 centaur warriors
  A juggernaut simulacrum (Depths:4)
  5 deep troll shamans
  15 anacondas
  12 alligators
  7 death knights
  34 two-headed ogres
  28 death scarabs
  30 hell hogs
  6 spriggan berserkers
  4 vampire magi
  26 dancing weapons
  9 orc high priests
  4 deep troll earth magi
  61 soul eaters
  A shock serpent (shapeshifter) (Abyss:2)
  7 titan zombies
  3 storm dragon zombies
  6 tengu warriors
  4 death yaks (Lair:2)
  21 thrashing horrors
  6 iron golems (Dis:7)
  A shock serpent (Snake:2)
  74 sun demons
  14 iron trolls
  17 naga sharpshooters
  44 hell knights
  4 storm dragon skeletons
  34 deep elf knights
  3 spatial maelstroms
  3 titan skeletons
  A fire crab (Lair:6)
  2 golden dragon zombies
  114 skeletal warriors
  5 salamander mystics
  32 small abominations
  11 wretched stars
  25 deep trolls
  18 sixfirhies
  8 torturous demonspawn (Pan)
  10 anaconda zombies
  11 flayed ghosts
  6 infernal demonspawn (Pan)
  A cherub (D:13)
  5 ghost moth zombies
  6 death drakes
  55 starcursed masses
  12 unseen horrors
  19 shadow wraiths
  18 shadow demons
  8 shadow dragon zombies
  10 glowing orange brains
  7 swamp dragons
  2 spark wasp zombies
  7 anaconda skeletons
  14 wizards
  21 necromancers
  A quicksilver dragon simulacrum (Coc:1)
  15 deep elf archers
  6 gelid demonspawn (Pan)
  4 wolf spider zombies
  5 lindwurms
  14 ironbrand convokers
  8 naga ritualists
  15 orc knights
  20 phantasmal warriors
  4 golden dragon skeletons
  A harpy (shapeshifter) (Abyss:3)
  7 fire giant zombies
  3 orc sorcerers
  30 ugly things
  A sphinx zombie (Hell)
  17 frost giant zombies
  6 cyclopes
  An orb spider (shapeshifter) (Abyss:3)
  2 shadow dragon skeletons
  A wolf spider (Vaults:2)
  3 manticores (D:13)
  8 stone giant zombies
  11 mana vipers
  9 shining eyes
  21 moths of wrath
  4 iron dragon skeletons
  82 deep elf magi
  26 elephants
  6 iron dragon zombies
  8 worldbinders
  5 fire giant skeletons
  2 shock serpent zombies
  7 dire elephant zombies
  A moth of wrath (shapeshifter) (D:12)
  12 vault sentinels
  15 salamanders
  16 guardian serpents
  12 stone giant skeletons
  5 frost giant skeletons
  28 black mambas
  3 apocalypse crabs
  A titan simulacrum (Depths:4)
  13 molten gargoyles
  5 spectral swamp worms (Depths:1)
  50 orange demons
  4 eyes of devastation
  A black mamba (shapeshifter) (Abyss:1)
  33 rust devils
  54 smoke demons
  19 naga magi
  6 dire elephant skeletons
  A torpor snail (Lair:4)
  2 gargoyles
  A shock serpent skeleton (Geh:7)
  2 red draconian zombies
  2 emperor scorpion zombies
  A yellow draconian zombie (Crypt:1)
  3 centaur skeletons
  2 kobold demonologists
  Psyche (D:9)
  20 spiny frogs
  A yaktaur zombie (Hell)
  34 yaktaurs
  9 komodo dragons
  A rime drake (Lair:2)
  21 demonic crawlers
  33 hellions
  48 hellwings
  19 efreet
  41 freezing wraiths
  A yaktaur (shapeshifter) (Vaults:5)
  2 catoblepas skeletons
  A catoblepas zombie (Geh:7)
  36 tormentors
  A komodo dragon (shapeshifter) (Abyss:1)
  A spark wasp simulacrum (Depths:2)
  36 guardian mummies
  3 harpy zombies
  A tengu conjurer (D:14)
  6 ancient zymes
  2 anaconda simulacra
  37 ice devils
  A spriggan skeleton (Depths:2)
  9 human skeletons
  2 wind drakes (Depths:5)
  2 silent spectres
  55 red devils
  A hornet (shapeshifter) (Depths:2)
  A queen bee (D:10)
  23 hydra zombies
  4 harpy skeletons
  A jumping spider (shapeshifter) (Vaults:2)
  3 polar bears (shapeshifter)
  9 trolls
  23 hornets
  A meliai (shapeshifter) (Vaults:5)
  2 shadow dragon simulacra
  108 slime creatures
  21 raiju
  A deep troll zombie (Hell)
  8 hydra skeletons
  13 ettin zombies
  17 tyrant leeches
  Grinder (D:5)
  5 bog bodies
  A dream sheep (shapeshifter) (Elf:1)
  6 ice dragon zombies
  8 alligator zombies
  21 blink frogs
  A hippogriff (shapeshifter) (Depths:2)
  3 fire dragon zombies
  12 hippogriffs
  4 dream sheep
  5 ettin skeletons
  3 ice dragon skeletons
  3 redbacks (Vaults:2)
  Sigmund (D:5)
  2 fire giant simulacra
  An alligator skeleton (Tar:5)
  A satyr skeleton (Crypt:1)
  7 spriggans
  A dire elephant simulacrum (Abyss:1)
  19 shadows
  A tarantella (Vaults:2)
  2 air elementals
  5 fire dragon skeletons
  139 flying skulls
  36 ynoxinuls
  A black mamba zombie (Geh:7)
  18 ushabtiu
  A yak (shapeshifter) (Vaults:3)
  A hog (shapeshifter) (Vaults:2)
  2 tarantellas (shapeshifter)
  23 water elementals
  26 wraiths
  23 golden eyes
  Grum (D:10)
  9 basilisks
  An elf zombie (Depths:4)
  23 neqoxecs
  66 yaks
  47 fire elementals
  7 fire bats
  32 chaos spawn
  9 hungry ghosts
  8 wyverns
  8 spatial vortices
  3 human simulacra
  24 vampire mosquitoes
  2 steam dragons
  11 wargs
  8 insubstantial wisps (Swamp:1)
  22 swamp worms
  A tengu skeleton (Depths:2)
  53 nagas
  49 hell hounds
  3 acid dragons
  8 water moccasins
  8 porcupines
  A water moccasin (shapeshifter) (Abyss:5)
  13 spiny frog zombies
  22 orc warriors
  3 sky beasts
  A merfolk skeleton (Geh:2)
  10 spiny frog skeletons
  3 alligator simulacra
  8 snapping turtle zombies
  8 swamp drakes
  3 black bears
  12 ice beasts
  8 phantoms
  7 human zombies
  8 necrophages
  An ettin simulacrum (Coc:3)
  A black mamba simulacrum (Abyss:2)
  A hornet zombie (D:15)
  A manticore zombie (Crypt:3)
  14 eyes of draining
  38 ogres
  20 wolves
  11 centaurs
  An eye of draining (shapeshifter) (Vaults:1)
  A wolf (shapeshifter) (Vaults:1)
  2 swamp dragon skeletons
  6 snapping turtle skeletons
  A lindwurm skeleton (Crypt:1)
  8 crocodiles
  Blork the orc (D:4)
  3 manticore skeletons
  6 big kobolds
  A rime drake skeleton (Crypt:1)
  18 bullfrogs
  A deep troll simulacrum (Vaults:3)
  A komodo dragon zombie (Crypt:2)
  A wyvern zombie (D:12)
  7 earth elementals
  5 wyvern skeletons (Crypt:3)
  6 scorpions
  6 killer bees
  A troll zombie (Crypt:3)
  72 wights
  4 howler monkeys
  8 electric eels
  5 lava snakes (Lair:6)
  17 crimson imps
  4 bullfrog zombies
  4 quasits
  4 centaur zombies
  10 hounds
  6 jellies
  Crazy Yiuf (D:3)
  42 orc priests
  A bullfrog skeleton (D:13)
  4 iguanas
  40 iron imps
  Natasha (twice) (D:2)
  33 orc wizards
  5 hell rats (Hell)
  14 worker ants
  A tengu zombie (Coc:7)
  A felid zombie (Crypt:2)
  A felid skeleton (Crypt:2)
  3 hound zombies (D:5)
  A naga skeleton (Pan)
  2 hound skeletons (D:5)
  63 mummies
  A howler monkey zombie (D:5)
  A worker ant zombie (D:10)
  A naga simulacrum (Abyss:5)
  26 gnolls
  12 adders
  16 shadow imps
  28 white imps
  2 worms
  4 ball lightnings
  A dart slug (D:2)
  5 leopard geckos
  134 orcs
  9 bats
  5 giant cockroaches
  15 goblins
  12 hobgoblins
  7 jackals
  3 quokkas
  A ball python (D:2)
  A frilled lizard (D:2)
  A giant cockroach zombie (D:5)
  A hobgoblin skeleton (Crypt:2)
  A jackal zombie (D:5)
  26 kobolds
  A leopard gecko skeleton (D:4)
  2 leopard gecko zombies
  An orc zombie (Tar:7)
  2 quokka skeletons (D:5)
  3 quokka zombies
  9 rats
  A river rat zombie (Crypt:1)
  2 briar patches (Swamp:4)
  A bush (Lair:1)
  3 fire vortices
  A fungus (Lair:1)
  A lurking horror (Abyss:2)
  3 plants
  3 starspawn tentacles (Abyss:1)
  5 tentacles
5308 creatures vanquished.

Vanquished Creatures (collateral kills)
  A shard shrike (Coc:3)
  Jorgrun (Swamp:2)
  A fire giant (Elf:3)
  A shadow dragon (Vaults:5)
  A deep elf sorcerer (Elf:3)
  A very ugly thing (Pan)
  A blizzard demon (Coc:3)
  A deep elf death mage (Elf:3)
  A mummy priest (Tomb:3)
  A great orb of eyes (Vaults:5)
  A fire dragon (Lair:6)
  A vault guard (Vaults:5)
  A hydra (Lair:2)
  An ice dragon (Depths:2)
  A two-headed ogre (D:9)
  A dancing weapon (Elf:1)
  An alligator (Swamp:3)
  5 death scarabs (Tomb:3)
  A soul eater (Pan)
  A sixfirhy (Pan)
  2 deep trolls (Vaults:4)
  2 large abominations
  A deep elf knight (Vaults:5)
  An infernal demonspawn (Pan)
  A glowing orange brain (Slime:3)
  A wizard (Pan)
  A deep elf archer (Vaults:5)
  A necromancer (Depths:2)
  A deep elf mage (Elf:1)
  An ugly thing (D:13)
  A spiny frog (Lair:2)
  3 smoke demons (Pan)
  A stone giant skeleton (Coc:3)
  An efreet (Pan)
  An ice devil (Coc:7)
  A hellwing (Pan)
  A yaktaur (Depths:2)
  A guardian mummy (Tomb:3)
  A merfolk (Slime:5)
  A raiju (Pan)
  2 blink frogs (Swamp:3)
  4 slime creatures (Slime:3)
  A ynoxinul (Pan)
  4 ushabtiu (Tomb:3)
  A fire elemental (Elf:1)
  2 chaos spawn (Pan)
  A vampire mosquito (Swamp:3)
  An orc warrior (Orc:2)
  A crocodile (Lair:2)
  A bullfrog (D:8)
  5 killer bees (D:8)
  2 mummies (Tomb:3)
  A white imp (Coc:7)
  3 orcs
77 creatures vanquished.

Vanquished Creatures (others)
  the Royal Jelly (Slime:5)
  A greater mummy (Tomb:3)
  Vashnia (Snake:4)
  An iron giant (Dis:7)
  A lich (Vaults:5)
  4 eldritch tentacles
  2 Executioners (Pan)
  An ancient champion (Tomb:3)
  An azure jelly (Slime:5)
  2 stone giants
  An elemental wellspring (Coc:7)
  A blood saint (Pan)
  A purple draconian (Zot:1)
  2 lorocyprocas (Pan)
  2 mummy priests (Tomb:3)
  A death ooze (Slime:5)
  An ogre mage (Depths:3)
  A rakshasa (Pan)
  2 yaktaur captains (Vaults:5)
  An ice dragon (Abyss:3)
  A naga warrior (Snake:4)
  A hydra (Swamp:4)
  A centaur warrior (Depths:1)
  6 death scarabs (Tomb:3)
  3 two-headed ogres (Depths:3)
  2 naga sharpshooters (Snake:4)
  A tengu warrior (Depths:3)
  A soul eater (Pan)
  2 deep elf knights (Elf:1)
  A sun demon (Pan)
  A titan skeleton (Geh:7)
  A shadow wraith (Pan)
  A gelid demonspawn (Pan)
  A golden dragon zombie (Geh:7)
  2 deep elf archers
  An ironbrand convoker (Vaults:5)
  A glowing orange brain (Pan)
  A deep elf mage (Elf:1)
  A cyclops (Vaults:2)
  2 ugly things
  A moth of wrath (Zot:3)
  A frost giant skeleton (Geh:2)
  An apocalypse crab (Abyss:3)
  3 orange demons
  A rust devil (Pan)
  3 smoke demons
  2 naga magi (Snake:4)
  3 hellions (Geh:7)
  5 yaktaurs
  A tormentor (Pan)
  3 hellwings (Pan)
  An ancient zyme (Abyss:5)
  An ice devil (Pan)
  A guardian mummy (Tomb:3)
  A red devil (Pan)
  2 slime creatures
  An ettin zombie (Geh:7)
  A fire dragon zombie (Tomb:3)
  A hornet (Coc:7)
  6 flying skulls
  An air elemental (Elf:1)
  3 shadows
  A spriggan (Depths:3)
  A water elemental (Elf:1)
  2 ynoxinuls (Pan)
  A wraith (Geh:7)
  A human (Slime:5)
  5 ushabtiu (Tomb:3)
  3 fire elementals
  A large abomination (Pan)
  A chaos spawn (Hell)
  A soldier ant (D:13)
  3 nagas (Snake:4)
  3 hell hounds
  2 small abominations
  A spiny frog zombie (Coc:3)
  A swamp drake (Swamp:2)
  A manticore zombie (Coc:7)
  An ogre (Depths:3)
  A snapping turtle skeleton (Tomb:3)
  A centaur (Vaults:3)
  An elf zombie (Geh:7)
  3 wights (Geh:7)
  A human zombie (Geh:7)
  2 iron imps (Dis:7)
  2 hell rats (Hell)
  3 mummies (Tomb:3)
  2 ufetubi
  25 ball lightnings
  An orc (Elf:1)
  8 briar patches
  A fire vortex (Tomb:3)
  13 fungi (Depths:5)
  3 lurking horrors
  13 plants
  18 starspawn tentacles
  9 tentacles
238 creatures vanquished.

Grand Total: 5623 creatures vanquished

Notes
Turn   | Place    | Note
-------+----------+-------------------------------------------
     0 | D:1      | Ivernyr the Vine Stalker Fighter began the quest for the
                  | Orb.
     0 | D:1      | Reached XP level 1. HP: 11/11 MP: 2/2
   320 | D:1      | Reached XP level 2. HP: 16/16 MP: 3/3
   538 | D:1      | Found a hazy altar of Hepliaklqana.
   940 | D:2      | Reached XP level 3. HP: 18/20 MP: 4/4
   988 | D:2      | Noticed Natasha
   997 | D:2      | Killed Natasha
   997 | D:2      | Gained mutation: Your natural rate of healing is unusually
                  | fast. [Vine Stalker growth]
   997 | D:2      | Reached XP level 4. HP: 14/24 MP: 3/5
  1453 | D:2      | Noticed Natasha
  1460 | D:2      | Killed Natasha
  1460 | D:2      | Reached XP level 5. HP: 28/28 MP: 6/6
  1726 | D:3      | Noticed an ogre
  1751 | D:3      | Killed an ogre
  1752 | D:3      | Reached XP level 6. HP: 18/33 MP: 5/7
  1958 | D:3      | Found a runed translucent door.
  1959 | D:3      | Noticed Crazy Yiuf
  1965 | D:3      | Killed Crazy Yiuf
  2128 | D:4      | Noticed Blork the orc
  2147 | D:4      | Killed Blork the orc
  2336 | D:4      | Reached XP level 7. HP: 37/37 MP: 6/8
  2342 | D:4      | Found a staircase to the Ecumenical Temple.
  2446 | Temple   | Entered the Ecumenical Temple
  2451 | Temple   | Became a worshipper of Nemelex Xobeh the Trickster
  2565 | D:4      | Received a gift from Nemelex Xobeh
  2787 | D:4      | Reached skill level 1 in Invocations
  2985 | D:4      | Found a shattered altar of Ashenzari.
  2985 | D:4      | Found an ornate altar of the Wu Jian Council.
  2986 | D:4      | Found a deep blue altar of Sif Muna.
  3080 | D:5      | Entered Level 5 of the Dungeon
  3098 | D:5      | Gained mutation: You have razor-sharp teeth. [Vine Stalker
                  | growth]
  3098 | D:5      | Reached XP level 8. HP: 42/42 MP: 9/9
  3201 | D:5      | Noticed Sigmund
  3236 | D:5      | Killed Sigmund
  3236 | D:5      | Reached skill level 5 in Fighting
  3236 | D:5      | Reached skill level 5 in Shields
  3382 | D:5      | Found an opulent altar of Gozag.
  3507 | D:5      | Noticed Grinder
  3515 | D:5      | Killed Grinder
  3557 | D:5      | Reached skill level 5 in Maces & Flails
  3585 | D:5      | Reached * piety under Nemelex Xobeh
  3592 | D:5      | Received a gift from Nemelex Xobeh
  3971 | D:6      | Received a gift from Nemelex Xobeh
  4008 | D:6      | Reached XP level 9. HP: 47/47 MP: 12/12
  4026 | D:6      | Found Popnueg's Antique Armour Boutique.
  4042 | D:6      | Reached skill level 5 in Armour
  4051 | D:6      | Found an opulent altar of Gozag.
  4332 | D:7      | Reached ** piety under Nemelex Xobeh
  4574 | D:7      | Found Ciunakireu's Food Boutique.
  4808 | D:7      | Found a glowing golden altar of the Shining One.
  5201 | D:8      | Reached XP level 10. HP: 53/53 MP: 12/14
  5356 | D:8      | Reached skill level 5 in Invocations
  5401 | D:8      | Found a shimmering altar of Xom.
  5403 | D:8      | Noticed an angel
  5415 | D:8      | Found a glowing silver altar of Zin.
  5417 | D:8      | Received a gift from Nemelex Xobeh
  5439 | D:8      | Reached *** piety under Nemelex Xobeh
  5572 | D:8      | Found a burning altar of Makhleb.
  5676 | D:8      | Noticed a two-headed ogre
  5687 | D:8      | Killed a two-headed ogre
  6102 | D:9      | Received a gift from Nemelex Xobeh
  6176 | D:9      | Found a stormy altar of Qazlal.
  6231 | D:9      | Found a hazy altar of Hepliaklqana.
  6373 | D:9      | Reached XP level 11. HP: 56/58 MP: 8/16
  6383 | D:9      | Noticed a two-headed ogre
  6393 | D:9      | Killed a two-headed ogre
  6426 | D:9      | Found an ancient bone altar of Kikubaaqudgha.
  6462 | D:9      | Found a sacrificial altar of Ru.
  6650 | D:9      | Noticed Psyche
  6668 | D:9      | Killed Psyche
  6793 | D:10     | Entered Level 10 of the Dungeon
  6866 | D:10     | Found Inesh's Food Boutique.
  6868 | D:10     | Found Luosemol's Book Emporium.
  6893 | D:10     | Received a gift from Nemelex Xobeh
  6972 | D:10     | Found Yneilu Isuew's Food Shoppe.
  6991 | D:10     | Found a shadowy altar of Dithmenos.
  7313 | D:10     | Reached **** piety under Nemelex Xobeh
  7407 | D:10     | Found a staircase to the Lair.
  7411 | D:10     | Found Xynupety's Distillery.
  7507 | D:10     | Bought a potion of degeneration for 12 gold pieces
  7507 | D:10     | Bought a potion of curing for 36 gold pieces
  7515 | D:10     | Found Ymopipe's Assorted Antiques.
  7537 | D:10     | Noticed Grum
  7574 | D:10     | Killed Grum
  7602 | D:10     | Noticed Sonja
  7603 | D:10     | Noticed Sonja
  7603 | D:10     | Sonja changed into Sonja the basilisk
  7613 | D:10     | Killed Sonja the basilisk
  7658 | D:10     | Noticed a two-headed ogre
  7666 | D:10     | Killed a two-headed ogre
  7765 | Lair:1   | Entered Level 1 of the Lair of Beasts
  7922 | Lair:1   | Gained mutation: You heal very quickly. [Vine Stalker
                  | growth]
  7922 | Lair:1   | Reached XP level 12. HP: 54/65 MP: 15/18
  7948 | Lair:1   | Received a gift from Nemelex Xobeh
  7988 | Lair:1   | Noticed a five-headed hydra
  7990 | Lair:1   | Noticed a fire dragon
  7990 | Lair:1   | a five-headed hydra changed into a fire dragon
  7992 | Lair:1   | a fire dragon changed into a komodo dragon
  8185 | Lair:1   | Received a gift from Nemelex Xobeh
  8339 | Lair:1   | Noticed a four-headed hydra
  8355 | Lair:1   | Killed a four-headed hydra
  8619 | Lair:2   | Noticed a five-headed hydra
  8626 | Lair:2   | Killed a five-headed hydra
  8705 | Lair:2   | Found a staircase to the Snake Pit.
  8869 | Lair:2   | Noticed a death yak
  8869 | Lair:2   | Noticed a death yak
  8895 | Lair:2   | Killed a death yak
  9014 | Lair:2   | Noticed a death yak
  9022 | Lair:2   | Noticed a death yak
  9028 | Lair:2   | Killed a death yak
  9035 | Lair:2   | Killed a death yak
  9044 | Lair:2   | Killed a death yak
  9044 | Lair:2   | Reached XP level 13. HP: 51/70 MP: 18/20
  9205 | Lair:2   | Reached ***** piety under Nemelex Xobeh
  9419 | Lair:2   | Received a gift from Nemelex Xobeh
  9472 | Lair:3   | Noticed Gastronok
  9525 | Lair:2   | Killed Gastronok
  9741 | Lair:3   | Found a staircase to the Swamp.
  9741 | Lair:3   | Received a gift from Nemelex Xobeh
  9915 | Lair:3   | You fall through a shaft for 3 floors!
  9915 | Lair:6   | Entered Level 6 of the Lair of Beasts
 10013 | Lair:5   | Reached skill level 10 in Fighting
 10028 | Lair:5   | Reached skill level 10 in Shields
 10225 | Lair:5   | You fall through a shaft!
 10354 | Lair:3   | Reached skill level 10 in Maces & Flails
 10420 | Lair:3   | Received a gift from Nemelex Xobeh
 10797 | Lair:4   | Received a gift from Nemelex Xobeh
 10891 | Lair:4   | Received a gift from Nemelex Xobeh
 11056 | Lair:4   | Reached skill level 10 in Invocations
 11491 | Lair:4   | Received a gift from Nemelex Xobeh
 11765 | Lair:4   | Reached XP level 14. HP: 54/77 MP: 19/22
 12056 | Lair:5   | Found a viscous altar of Jiyva.
 12056 | Lair:5   | Found a staircase to the Slime Pits.
 12168 | Lair:5   | Received a gift from Nemelex Xobeh
 13113 | Lair:6   | Reached skill level 10 in Armour
 13372 | Lair:6   | Received a gift from Nemelex Xobeh
 13654 | Lair:6   | Found a large runed translucent door.
 13655 | Lair:6   | Found a large runed translucent door.
 14103 | Lair:2   | Noticed Fannar
 14130 | Lair:2   | Killed Fannar
 14204 | D:11     | Reached ****** piety under Nemelex Xobeh
 14204 | D:11     | Received a gift from Nemelex Xobeh
 14496 | D:11     | Found a runed translucent door.
 14522 | D:11     | Found a staircase to the Orcish Mines.
 14681 | D:11     | You fall through a shaft for 2 floors!
 14798 | D:12     | Received a gift from Nemelex Xobeh
 14813 | D:12     | Reached XP level 15. HP: 82/83 MP: 24/24
 14981 | D:12     | Found Peluheuw's Book Shop.
 15224 | D:12     | Got a heavily runed shield
 15230 | D:12     | Identified the cursed +0 shield of Infinity {Str+10 Slay-5
                  | Stlth+} (You found it on level 12 of the Dungeon)
 15465 | D:12     | Gained mutation: Your flesh is heat resistant. (rF+) [a
                  | shining eye]
 15844 | D:11     | Noticed Gargoyl's ghost (journeyman CeAK)
 16206 | D:13     | Received a gift from Nemelex Xobeh
 16683 | D:13     | Received a gift from Nemelex Xobeh
 16782 | D:13     | Found a gate to the Vaults.
 17341 | D:14     | Found an opulent altar of Gozag.
 17407 | D:14     | Received a gift from Nemelex Xobeh
 18314 | Orc:1    | Entered Level 1 of the Orcish Mines
 18541 | Orc:1    | Reached XP level 16. HP: 76/88 MP: 26/26
 18825 | Orc:1    | Received a gift from Nemelex Xobeh
 18991 | Orc:2    | Entered Level 2 of the Orcish Mines
 18995 | Orc:2    | Noticed Donald
 19054 | Orc:1    | Killed Donald
 19209 | Orc:2    | Found a bloodstained altar of Trog.
 19241 | Orc:2    | Found a staircase to the Elven Halls.
 19429 | Orc:2    | Found a roughly hewn altar of Beogh.
 19472 | Orc:2    | HP: 3/88 [sixfirhy[an orc high priest] (2)]
 20003 | Orc:2    | Found Lanenomi's Weapon Shoppe.
 20003 | Orc:2    | Found Niodex's Jewellery Shop.
 20168 | Orc:2    | Found Xicwur's Antique Armour Shop.
 20168 | Orc:2    | Found Vistraumm's Magic Scroll Shoppe.
 20203 | Orc:2    | Bought a scroll of brand weapon for 260 gold pieces
 20203 | Orc:2    | Bought a scroll of teleportation for 39 gold pieces
 20203 | Orc:2    | Bought a scroll of teleportation for 39 gold pieces
 20203 | Orc:2    | Bought a scroll of acquirement for 676 gold pieces
 20203 | Orc:2    | Bought a scroll of teleportation for 39 gold pieces
 20203 | Orc:2    | Bought a scroll of enchant armour for 97 gold pieces
 20326 | Elf:1    | Entered Level 1 of the Elven Halls
 20326 | Elf:1    | Received a gift from Nemelex Xobeh
 21096 | Elf:1    | Received a gift from Nemelex Xobeh
 21097 | Elf:1    | Found a runed translucent gate.
 21097 | Elf:1    | Found a runed translucent gate.
 21097 | Elf:1    | Found a runed translucent gate.
 21097 | Elf:1    | Found a runed translucent gate.
 21097 | Elf:1    | Found a runed translucent gate.
 21098 | Elf:1    | Noticed a storm dragon
 21098 | Elf:1    | Noticed a shadow dragon
 21099 | Elf:1    | Found a runed translucent gate.
 21824 | Elf:1    | Reached XP level 17. HP: 94/94 MP: 27/27
 21957 | Elf:2    | Noticed a Hell Sentinel
 22012 | Elf:2    | Received a gift from Nemelex Xobeh
 22289 | Elf:2    | Found Hangetz's Jewellery Shoppe.
 22300 | Elf:2    | Bought the amulet of Entrepreneurial Spirit {Acrobat
                  | Slay+6} for 933 gold pieces
 22505 | Elf:2    | Found a runed translucent gate.
 22505 | Elf:2    | Found a runed translucent gate.
 22513 | Elf:2    | Found a runed translucent gate.
 22535 | Elf:2    | Found an ancient bone altar of Kikubaaqudgha.
 22869 | Elf:2    | Received a gift from Nemelex Xobeh
 23204 | Elf:2    | Noticed a deep elf blademaster
 23218 | Elf:2    | Killed a deep elf blademaster
 23396 | Elf:3    | Entered Level 3 of the Elven Halls
 23607 | Elf:3    | Received a gift from Nemelex Xobeh
 23608 | Elf:3    | Noticed a deep elf master archer
 23608 | Elf:3    | Noticed a deep elf blademaster
 23609 | Elf:3    | Reached XP level 18. HP: 100/100 MP: 29/29
 23609 | Elf:3    | Killed a deep elf master archer
 23609 | Elf:3    | Noticed a deep elf blademaster
 23637 | Elf:3    | Killed a deep elf blademaster
 23643 | Elf:3    | a deep elf blademaster changed into an iron troll
 23747 | Elf:3    | Noticed a deep elf blademaster
 23763 | Elf:3    | Killed a deep elf blademaster
 23770 | Elf:3    | Noticed a deep elf master archer
 23779 | Elf:3    | Killed a deep elf master archer
 23948 | Elf:3    | Noticed a deep elf blademaster
 23972 | Elf:3    | Killed a deep elf blademaster
 24311 | Elf:3    | Identified the ring "Cixuphet" {rPois rN+ Int-2 Dex+4 SInv}
 24477 | Elf:3    | Identified a +1 pair of boots of running (You found it on
                  | level 3 of the Elven Halls)
 24483 | Elf:3    | Got an ichor-stained plate armour
 24486 | Elf:3    | Got a translucent plate armour
 24497 | Elf:3    | Identified the +6 plate armour of a bazaar {rPois} (You
                  | found it on level 3 of the Elven Halls)
 24507 | Elf:3    | Identified the +6 plate armour "Vetaak" {*Contam rPois
                  | Int+6 SInv} (You found it on level 3 of the Elven Halls)
 24971 | Elf:3    | Received a gift from Nemelex Xobeh
 25019 | Elf:3    | Identified the Collected Works on Conjuration
 25135 | Elf:3    | Found a large runed translucent door.
 25135 | Elf:3    | Found a large runed translucent door.
 25140 | Elf:3    | Noticed Ivernyr's ghost (adept GnWz)
 25150 | Elf:3    | Got a translucent scale mail
 25161 | Elf:3    | Identified the +0 scale mail "Wudopsuv" {MR++ Int+2} (You
                  | found it on level 3 of the Elven Halls)
 25457 | Swamp:1  | Entered Level 1 of the Swamp
 25587 | Swamp:1  | Identified Roxanne's Tome of Stones
 25587 | Swamp:1  | Noticed Roxanne
 25605 | Swamp:1  | Killed Roxanne
 25612 | Swamp:1  | Reached XP level 19. HP: 106/106 MP: 30/30
 25664 | Swamp:1  | Received a gift from Nemelex Xobeh
 25669 | Swamp:1  | Got a translucent spear
 26001 | Swamp:1  | Received a gift from Nemelex Xobeh
 26194 | Swamp:2  | You fall through a shaft!
 26385 | Swamp:3  | Paralysed by a hornet for 1 turns
 26447 | Swamp:3  | Received a gift from Nemelex Xobeh
 26915 | Swamp:3  | Received a gift from Nemelex Xobeh
 26940 | Swamp:4  | Entered Level 4 of the Swamp
 27170 | Swamp:4  | Reached skill level 15 in Invocations
 27234 | Swamp:4  | Noticed Bai Suzhen
 27284 | Swamp:4  | Killed Bai Suzhen
 27866 | Swamp:4  | Got a decaying rune of Zot
 28028 | Swamp:2  | Received a gift from Nemelex Xobeh
 28050 | Swamp:2  | Noticed Jorgrun
 28069 | Swamp:2  | Killed Jorgrun
 28251 | Swamp:2  | Noticed Frances
 28263 | Swamp:2  | Killed Frances
 28510 | Snake:1  | Entered Level 1 of the Snake Pit
 28756 | Snake:1  | Received a gift from Nemelex Xobeh
 28847 | Snake:1  | Reached XP level 20. HP: 102/112 MP: 30/32
 29078 | Snake:1  | You fall through a shaft!
 29598 | Snake:2  | Received a gift from Nemelex Xobeh
 29949 | Snake:3  | Reached skill level 15 in Fighting
 29961 | Snake:3  | Reached skill level 15 in Shields
 29968 | Snake:3  | Reached skill level 15 in Maces & Flails
 30065 | Snake:3  | Found a deep blue altar of Sif Muna.
 30224 | Snake:3  | Received a gift from Nemelex Xobeh
 30486 | Snake:4  | Entered Level 4 of the Snake Pit
 30536 | Snake:4  | Received a gift from Nemelex Xobeh
 30636 | Snake:4  | Noticed Aizul
 30653 | Snake:4  | Killed Aizul
 31107 | Snake:4  | Got a serpentine rune of Zot
 31196 | Snake:4  | Noticed Vashnia
 31311 | Snake:4  | Killed Vashnia
 31311 | Snake:4  | Reached XP level 21. HP: 117/118 MP: 34/34
 32061 | Vaults:1 | Entered Level 1 of the Vaults
 32076 | Vaults:1 | Received a gift from Nemelex Xobeh
 32548 | Vaults:1 | Received a gift from Nemelex Xobeh
 32806 | Vaults:1 | Found a glowing golden altar of the Shining One.
 33233 | Vaults:1 | Identified the cursed +1 great mace of Exquisite Torment
                  | {chaos, rElec}
 33392 | Vaults:1 | Received a gift from Nemelex Xobeh
 33681 | Vaults:2 | Identified Oso Xuz's Papyrus of Evil Secrets
 33805 | Vaults:2 | Received a gift from Nemelex Xobeh
 33868 | Vaults:2 | Reached XP level 22. HP: 91/124 MP: 35/35
 34038 | Vaults:2 | Reached skill level 15 in Armour
 34901 | Vaults:3 | Received a gift from Nemelex Xobeh
 35209 | Vaults:3 | Found a staircase to the Crypt.
 35209 | Vaults:3 | Found an ancient bone altar of Kikubaaqudgha.
 35210 | Vaults:3 | Found a basalt altar of Yredelemnul.
 35386 | Vaults:3 | Received a gift from Nemelex Xobeh
 35723 | Vaults:3 | Identified the Collected Works on the Toxic Mountains
 36380 | Vaults:4 | Found Gorof's Food Shoppe.
 36543 | Vaults:4 | Got a shimmering golden ring
 36549 | Vaults:4 | Identified the ring "Vah Oth" {+Blink +Fly Dex-4 Slay+6
                  | Stlth+} (You found it on level 4 of the Vaults)
 36645 | Vaults:4 | Received a gift from Nemelex Xobeh
 36852 | Vaults:4 | Reached XP level 23. HP: 99/130 MP: 31/36
 37353 | Vaults:4 | Received a gift from Nemelex Xobeh
 37413 | Vaults:5 | Entered Level 5 of the Vaults
 37921 | Vaults:5 | Identified the ring of Nuruf {*Tele Int+2}
 38244 | Vaults:5 | Identified the +7 longbow of Earthquakes {velocity, +Blink
                  | rElec SInv}
 38401 | Vaults:5 | Identified the ring of Suspicion {rCorr rElec Str-4 Int+4}
 38614 | Vaults:5 | Identified the Handbook of the Arsonist
 38625 | Vaults:5 | Identified the Guide on Ignition
 38634 | Vaults:5 | Received a gift from Nemelex Xobeh
 38634 | Vaults:5 | Identified the Papyrus of Orientation
 38888 | Vaults:5 | Identified the +10 flail "Bafeaj" {protect, *Slow rElec
                  | rPois rF+}
 38901 | Vaults:5 | Reached XP level 24. HP: 92/136 MP: 37/37
 39154 | Vaults:5 | Noticed an ancient lich
 39606 | Vaults:5 | Killed an ancient lich
 39610 | Vaults:5 | Got a silver rune of Zot
 39662 | Vaults:5 | Identified Oxtov's Collected Works on the Cloudy Snowflakes
 40489 | D:15     | Entered Level 15 of the Dungeon
 40500 | D:15     | Received a gift from Nemelex Xobeh
 40688 | D:15     | Found a snail-covered altar of Cheibriados.
 40983 | D:15     | Received a gift from Nemelex Xobeh
 41080 | D:15     | Found a staircase to the Depths.
 41264 | Depths:1 | Entered Level 1 of the Depths
 41264 | Depths:1 | Found Teiroeb's Gadget Shoppe.
 41279 | Depths:1 | Found Xogaage's Antique Weapon Boutique.
 41430 | Depths:1 | Received a gift from Nemelex Xobeh
 41478 | Depths:1 | Found a gateway to Hell.
 41534 | Depths:1 | Found an iron altar of Okawaru.
 41734 | Depths:1 | Found Tyufaec's Armour Boutique.
 41736 | Depths:1 | Received a gift from Nemelex Xobeh
 41792 | Depths:1 | Found Zeigh's Food Emporium.
 42026 | Depths:1 | Found a one-way gate leading to the halls of Pandemonium.
 42087 | Depths:1 | Found a runed translucent door.
 42180 | Depths:2 | Noticed Saint Roka
 42215 | Depths:1 | Killed Saint Roka
 42404 | Depths:2 | Received a gift from Nemelex Xobeh
 42483 | Depths:2 | Found Lueta's Jewellery Boutique.
 42754 | Depths:2 | Got a bloodstained helmet
 42765 | Depths:2 | Identified the +0 helmet "Icha" {Str+4} (You found it on
                  | level 2 of the Depths)
 42800 | Depths:2 | Reached XP level 25. HP: 116/142 MP: 37/37
 42804 | Depths:2 | Identified the ring "Gedd" {rC- MR+ Dex+8}
 42887 | Depths:2 | Received a gift from Nemelex Xobeh
 43002 | Depths:2 | You fall through a shaft!
 43177 | Depths:3 | Noticed Margery
 43224 | Depths:3 | Killed Margery
 43301 | Depths:3 | Found a gateway to a ziggurat.
 43340 | Depths:3 | Received a gift from Nemelex Xobeh
 43913 | Depths:3 | Received a gift from Nemelex Xobeh
 44505 | Depths:4 | Found Pyniyqax's Antique Armour Boutique.
 44653 | Depths:4 | Found a one-way gate to the infinite horrors of the Abyss.
 44742 | Depths:4 | Received a gift from Nemelex Xobeh
 45144 | Depths:5 | Entered Level 5 of the Depths
 45400 | Depths:5 | Reached XP level 26. HP: 144/149 MP: 35/37
 45422 | Depths:5 | Received a gift from Nemelex Xobeh
 45663 | Depths:5 | Noticed a juggernaut
 45681 | Depths:5 | Killed a juggernaut
 45908 | Depths:5 | Found a runed translucent door.
 45913 | Depths:5 | Noticed Jori's ghost (veteran TrFi)
 46150 | Depths:5 | Found a gate to the Realm of Zot.
 46811 | Slime:1  | Entered Level 1 of the Pits of Slime
 46811 | Slime:1  | Received a gift from Nemelex Xobeh
 46921 | Slime:1  | Gained mutation: Your system is resistant to poisons.
                  | (rPois) [a shining eye]
 47287 | Slime:2  | Received a gift from Nemelex Xobeh
 47624 | Slime:3  | Gained mutation: You are clumsy. (Dex -2) [a shining eye]
 47627 | Slime:3  | Gained mutation: You are very clumsy. (Dex -4) [a shining
                  | eye]
 48017 | Slime:4  | Received a gift from Nemelex Xobeh
 48113 | Slime:4  | Gained mutation: Armour fits poorly on your strangely
                  | shaped body. [a shining eye]
 48207 | Slime:5  | Entered Level 5 of the Pits of Slime
 48482 | Slime:5  | Reached skill level 1 in Dodging
 48715 | Slime:5  | Noticed the Royal Jelly
 48733 | Slime:5  | Killed the Royal Jelly
 48733 | Slime:5  | Reached XP level 27. HP: 91/154 MP: 17/38
 48812 | Slime:5  | Found the +7 great mace "Firestarter" {inner flame, rF++}
 48816 | Slime:5  | Identified the Reference Book on the Shifting Compass
 48870 | Slime:5  | Got a slimy rune of Zot
 49014 | Slime:5  | Identified the Handbook of Good Luck
 49341 | Elf:2    | Bought an uncursed ring of positive energy for 300 gold
                  | pieces
 49343 | Elf:2    | Bought an uncursed ring of ice for 375 gold pieces
 49343 | Elf:2    | Bought an uncursed ring of ice for 375 gold pieces
 51034 | Pan      | Entered Pandemonium
 51166 | Pan      | Received a gift from Nemelex Xobeh
 51360 | Pan      | Gained mutation: Your magical capacity is low. (-10% MP) [a
                  | cacodemon]
 51363 | Pan      | Noticed Mennas
 51367 | Pan      | Noticed Zofozidwu the pandemonium lord
 52017 | Pan      | Gained mutation: You are weak. (Str -2) [a cacodemon]
 52280 | Pan      | Received a gift from Nemelex Xobeh
 52379 | Pan      | Found a runed translucent door.
 52527 | Pan      | Received a gift from Nemelex Xobeh
 53571 | Pan      | Received a gift from Nemelex Xobeh
 53581 | Pan      | Noticed Aschepue the pandemonium lord
 53665 | Pan      | Reached skill level 5 in Dodging
 54103 | Pan      | Killed Aschepue the pandemonium lord
 54353 | Pan      | Received a gift from Nemelex Xobeh
 54389 | Pan      | Found an exit through the horrors of the Abyss.
 54521 | Pan      | Entered the realm of Cerebov.
 54627 | Pan      | Received a gift from Nemelex Xobeh
 55024 | Pan      | Found an exit through the horrors of the Abyss.
 55203 | Pan      | Identified the ring of Ylouv {rPois rF++ rC+}
 55410 | Pan      | Received a gift from Nemelex Xobeh
 55612 | Pan      | Identified the +6 sword of Cerebov {flame}
 55612 | Pan      | Noticed Cerebov
 56069 | Pan      | Identified the cursed +0 flail "Iconera" {drain, Fragile
                  | rPois rN+} (You found it in Pandemonium)
 56092 | Pan      | Identified the +4 whip of Arbitration {venom, +Rage rPois
                  | Int-5 Stlth+} (You found it in Pandemonium)
 56291 | Pan      | Identified the +4 demon trident of Severance {venom, rElec
                  | Dex+3}
 56322 | Pan      | Killed Cerebov
 56372 | Pan      | Got a fiery rune of Zot
 56478 | Pan      | Entered the realm of Mnoleg.
 56560 | Pan      | Gained mutation: Scrolls take you a little longer to read.
                  | [a cacodemon]
 56829 | Pan      | Gained mutation: Scrolls take you longer to read. [a
                  | cacodemon]
 57007 | Pan      | Gained mutation: Scrolls take you much longer to read. [a
                  | cacodemon]
 57051 | Pan      | Gained mutation: You tend to lose your temper in combat. [a
                  | neqoxec]
 57128 | Pan      | Noticed Mnoleg
 57159 | Pan      | Killed Mnoleg
 57367 | Pan      | Gained mutation: Your magical capacity is very low. (-20%
                  | MP) [a cacodemon]
 57392 | Pan      | Received a gift from Nemelex Xobeh
 57427 | Pan      | Gained mutation: You often lose your temper in combat. [a
                  | cacodemon]
 57442 | Pan      | Gained mutation: Your magical capacity is extremely low.
                  | (-30% MP) [a neqoxec]
 57443 | Pan      | Gained mutation: You are very weak. (Str -4) [a neqoxec]
 57483 | Pan      | Got a glowing rune of Zot
 57542 | Pan      | Lost mutation: Your magical capacity is extremely low.
                  | (-30% MP) [potion of mutation]
 57542 | Pan      | Lost mutation: Armour fits poorly on your strangely shaped
                  | body. [potion of mutation]
 57542 | Pan      | Lost mutation: You are very clumsy. (Dex -4) [potion of
                  | mutation]
 57542 | Pan      | Lost mutation: Scrolls take you much longer to read.
                  | [potion of mutation]
 57542 | Pan      | Gained mutation: You have a somewhat thin skeletal
                  | structure. (Dex +2, Stealth) [potion of mutation]
 57543 | Pan      | Lost mutation: You are very weak. (Str -4) [potion of
                  | mutation]
 57543 | Pan      | Lost mutation: Your magical capacity is very low. (-20% MP)
                  | [potion of mutation]
 57543 | Pan      | Gained mutation: Your body sometimes deteriorates upon
                  | taking damage. [potion of mutation]
 57543 | Pan      | Lost mutation: Your magical capacity is low. (-10% MP)
                  | [potion of mutation]
 57543 | Pan      | Gained mutation: Your skin changes colour to match your
                  | surroundings (Stealth+). [potion of mutation]
 57543 | Pan      | Gained mutation: You have an increased reservoir of magic.
                  | (+10% MP) [potion of mutation]
 57544 | Pan      | Lost mutation: You have a somewhat thin skeletal structure.
                  | (Dex +2, Stealth) [potion of mutation]
 57544 | Pan      | Lost mutation: You are weak. (Str -2) [potion of mutation]
 57544 | Pan      | Lost mutation: You are clumsy. (Dex -2) [potion of
                  | mutation]
 57544 | Pan      | Lost mutation: Your skin changes colour to match your
                  | surroundings (Stealth+). [potion of mutation]
 57544 | Pan      | Lost mutation: You have an increased reservoir of magic.
                  | (+10% MP) [potion of mutation]
 57544 | Pan      | Gained mutation: Your muscles are strong. (Str +2) [potion
                  | of mutation]
 57583 | Pan      | Lost mutation: Your muscles are strong. (Str +2) [potion of
                  | mutation]
 57583 | Pan      | Lost mutation: Your body sometimes deteriorates upon taking
                  | damage. [potion of mutation]
 57583 | Pan      | Lost mutation: Your system is resistant to poisons. (rPois)
                  | [potion of mutation]
 57583 | Pan      | Gained mutation: You are clumsy. (Dex -2) [potion of
                  | mutation]
 57583 | Pan      | Lost mutation: You are clumsy. (Dex -2) [potion of
                  | mutation]
 57583 | Pan      | Gained mutation: You are robust. (+10% HP) [potion of
                  | mutation]
 57598 | Pan      | Received a gift from Nemelex Xobeh
 57742 | Pan      | Noticed Ciaharut the pandemonium lord
 57762 | Pan      | Got a demonic rune of Zot
 57921 | Pan      | Received a gift from Nemelex Xobeh
 58441 | Pan      | Noticed Ylacven the pandemonium lord
 58463 | Pan      | Killed Ylacven the pandemonium lord
 58775 | Pan      | Received a gift from Nemelex Xobeh
 59054 | Pan      | Received a gift from Nemelex Xobeh
 59259 | Pan      | Entered the realm of Gloorx Vloq.
 59399 | Pan      | Noticed Gloorx Vloq
 59431 | Pan      | Killed Gloorx Vloq
 59785 | Pan      | Received a gift from Nemelex Xobeh
 59809 | Pan      | Found an exit through the horrors of the Abyss.
 60127 | Pan      | Received a gift from Nemelex Xobeh
 60258 | Pan      | Reached skill level 10 in Dodging
 60416 | Pan      | Got a dark rune of Zot
 60723 | Pan      | Got a transparent crystal plate armour
 60726 | Pan      | Identified the +7 crystal plate armour of Indemnity {rF+
                  | Regen+} (You acquired it in Pandemonium)
 60845 | Pan      | Received a gift from Nemelex Xobeh
 60952 | Pan      | Noticed Isiubloi the pandemonium lord
 61045 | Pan      | Found an exit through the horrors of the Abyss.
 61099 | Pan      | Received a gift from Nemelex Xobeh
 61642 | Pan      | Noticed Pycveila the pandemonium lord
 61664 | Pan      | Received a gift from Nemelex Xobeh
 61982 | Pan      | Noticed Molan the pandemonium lord
 62054 | Pan      | Found an exit through the horrors of the Abyss.
 62070 | Pan      | Entered the realm of Lom Lobon.
 62070 | Pan      | Noticed Lom Lobon
 62258 | Pan      | Received a gift from Nemelex Xobeh
 62682 | Pan      | Killed Lom Lobon
 62690 | Pan      | Got a magical rune of Zot
 62929 | Pan      | Found an exit through the horrors of the Abyss.
 63344 | Pan      | Lost mutation: Scrolls take you longer to read. [a
                  | cacodemon]
 63514 | Pan      | Gained mutation: You are dopey. (Int -2) [a cacodemon]
 63670 | Pan      | Received a gift from Nemelex Xobeh
 63964 | Pan      | Found an exit through the horrors of the Abyss.
 64193 | Pan      | Noticed Eskyfysk the pandemonium lord
 64266 | Pan      | Received a gift from Nemelex Xobeh
 64543 | Pan      | Noticed Vysunoc the pandemonium lord
 64555 | Pan      | Cast into level 5 of the Abyss (Vysunoc)
 64555 | Abyss:5  | Entered Level 5 of the Abyss
 64555 | Abyss:5  | Entered Level 5 of the Abyss
 64555 | Abyss:5  | Found a corrupted altar of Lugonu.
 64738 | Pan      | Escaped the Abyss
 64923 | Depths:1 | Escaped Pandemonium
 65073 | Zot:1    | Entered Level 1 of the Realm of Zot
 65660 | Zot:1    | Received a gift from Nemelex Xobeh
 66479 | Zot:2    | Received a gift from Nemelex Xobeh
 67331 | Zot:3    | Received a gift from Nemelex Xobeh
 67711 | Zot:3    | Received a gift from Nemelex Xobeh
 68064 | Zot:3    | Found a large runed translucent door.
 68064 | Zot:3    | Found a large runed translucent door.
 68067 | Zot:3    | Noticed Sotil's ghost (legendary DEFE)
 68448 | Zot:3    | Noticed an orb of fire
 68467 | Zot:3    | Gained mutation: You are clumsy. (Dex -2) [an orb of fire]
 68472 | Zot:3    | Killed an orb of fire
 69282 | Zot:4    | Received a gift from Nemelex Xobeh
 69658 | Zot:4    | Received a gift from Nemelex Xobeh
 70160 | Crypt:1  | Entered Level 1 of the Crypt
 70343 | Crypt:1  | Received a gift from Nemelex Xobeh
 71042 | Crypt:2  | Received a gift from Nemelex Xobeh
 71488 | Crypt:2  | Received a gift from Nemelex Xobeh
 71599 | Crypt:3  | Entered Level 3 of the Crypt
 71670 | Crypt:3  | Identified the Volume of Dark Magic
 71703 | Crypt:3  | Received a gift from Nemelex Xobeh
 71869 | Crypt:3  | Received a gift from Nemelex Xobeh
 72091 | Crypt:3  | Found an ancient bone altar of Kikubaaqudgha.
 72304 | Crypt:3  | Received a gift from Nemelex Xobeh
 72306 | Crypt:3  | Noticed an ancient lich
 72306 | Crypt:3  | Noticed an ancient lich
 72316 | Crypt:3  | Killed an ancient lich
 72325 | Crypt:3  | Killed an ancient lich
 72606 | Crypt:3  | Found a staircase to the Tomb.
 72698 | Crypt:3  | Received a gift from Nemelex Xobeh
 72952 | Crypt:3  | Noticed Boris
 72963 | Crypt:3  | Killed Boris
 73398 | Hell     | Entered the Vestibule of Hell
 73398 | Hell     | Received a gift from Nemelex Xobeh
 73398 | Hell     | Noticed Geryon
 73536 | Hell     | Killed Geryon
 73971 | Hell     | Found a gateway to the ashen valley of Gehenna.
 74061 | Geh:1    | Entered Level 1 of Gehenna
 74101 | Geh:1    | You fall through a shaft!
 74521 | Geh:6    | Received a gift from Nemelex Xobeh
 74549 | Geh:7    | Entered Level 7 of Gehenna
 74833 | Geh:4    | You fall through a shaft for 2 floors!
 74995 | Geh:2    | Received a gift from Nemelex Xobeh
 75799 | Geh:7    | Received a gift from Nemelex Xobeh
 76478 | Geh:7    | Reached skill level 15 in Dodging
 76549 | Geh:7    | Identified the +7 sceptre of Asmodeus
 76549 | Geh:7    | Identified the ring "Geozuazi" {*Tele rElec rN+ Str-3
                  | Int+7}
 76549 | Geh:7    | Noticed Asmodeus
 76573 | Geh:7    | Killed Asmodeus
 76585 | Geh:7    | Identified Olijogh's Spellweaving in Simple Steps
 76588 | Geh:7    | Found the +12 glaive of Prune {chop}
 76591 | Geh:7    | Got an obsidian rune of Zot
 76596 | Geh:7    | Identified the +3 flail of the Insatiable Eyes {venom, rC+}
                  | (You found it on level 7 of Gehenna)
 76684 | Geh:7    | Identified the Volume of Burning Ice
 77051 | Hell     | Found a gateway to the decaying netherworld of Tartarus.
 77112 | Hell     | Found a gateway to the freezing wastes of Cocytus.
 77229 | Hell     | Found a gateway to the Iron City of Dis.
 77286 | Dis:1    | Entered Level 1 of the Iron City of Dis
 77585 | Dis:2    | Received a gift from Nemelex Xobeh
 77763 | Dis:3    | You fall through a shaft for 2 floors!
 77851 | Dis:7    | Entered Level 7 of the Iron City of Dis
 78373 | Dis:7    | Received a gift from Nemelex Xobeh
 79361 | Dis:7    | Gained mutation: You are weak. (Str -2) [a cacodemon]
 79366 | Dis:7    | Gained mutation: You are very weak. (Str -4) [mutagenic
                  | glow]
 79431 | Dis:7    | Gained mutation: Your magical capacity is low. (-10% MP)
                  | [mutagenic glow]
 79434 | Dis:7    | Lost mutation: Your magical capacity is low. (-10% MP)
                  | [potion of mutation]
 79434 | Dis:7    | Lost mutation: You are robust. (+10% HP) [potion of
                  | mutation]
 79434 | Dis:7    | Lost mutation: You are dopey. (Int -2) [potion of mutation]
 79434 | Dis:7    | Gained mutation: You are partially covered in rugged brown
                  | scales. (AC +1, +3% HP) [potion of mutation]
 79434 | Dis:7    | Gained mutation: You have sharp fingernails. [potion of
                  | mutation]
 79481 | Dis:7    | Got a faintly glowing brass ring
 79484 | Dis:7    | Identified the ring "Pelias" {+Blink Stlth+} (You found it
                  | on level 7 of the Iron City of Dis)
 79610 | Dis:7    | Gained mutation: You have an uncontrollable temper.
                  | [mutagenic glow]
 79649 | Dis:7    | Identified the +4 staff of Dispater
 79649 | Dis:7    | Noticed Dispater
 80154 | Dis:7    | Killed Dispater
 80261 | Dis:7    | Got an iron rune of Zot
 80445 | Coc:1    | Entered Level 1 of Cocytus
 81146 | Coc:3    | Received a gift from Nemelex Xobeh
 81182 | Coc:3    | Identified the +5 demon trident "Ciabb" {protect, Str+2}
 81597 | Coc:7    | Entered Level 7 of Cocytus
 81670 | Coc:7    | Noticed the Serpent of Hell
 81679 | Coc:7    | Noticed a hell hog shaped Serpent of Hell
 81679 | Coc:7    | the Serpent of Hell changed into a hell hog shaped Serpent
                  | of Hell
 81679 | Coc:7    | Noticed an efreet shaped Serpent of Hell
 81679 | Coc:7    | a hell hog shaped Serpent of Hell changed into an efreet
                  | shaped Serpent of Hell
 81680 | Coc:7    | Killed an efreet shaped Serpent of Hell
 82351 | Elf:2    | Bought the amulet of Vitality {Regen+ HP+15} for 1185 gold
                  | pieces
 82351 | Elf:2    | Found the amulet of Vitality {Regen+ HP+15}
 82713 | Coc:1    | Lost intelligence.
 82750 | Coc:1    | Gained mutation: You are occasionally teleported next to
                  | monsters. [mutagenic glow]
 82793 | Coc:1    | Gained mutation: Your body sometimes deteriorates upon
                  | taking damage. [mutagenic glow]
 82799 | Coc:1    | Lost intelligence.
 82859 | Coc:1    | Lost intelligence.
 82881 | Coc:1    | Received a gift from Nemelex Xobeh
 82899 | Coc:1    | Lost mutation: Scrolls take you a little longer to read.
                  | [potion of mutation]
 82899 | Coc:1    | Lost mutation: You are clumsy. (Dex -2) [potion of
                  | mutation]
 82899 | Coc:1    | Lost mutation: Your flesh is heat resistant. (rF+) [potion
                  | of mutation]
 82899 | Coc:1    | Lost mutation: You are very weak. (Str -4) [potion of
                  | mutation]
 82899 | Coc:1    | Gained mutation: You evolve. [potion of mutation]
 82899 | Coc:1    | Lost mutation: You have an uncontrollable temper. [potion
                  | of mutation]
 82899 | Coc:1    | Gained mutation: You are partially covered in molten
                  | scales. (AC +2) [potion of mutation]
 82900 | Coc:1    | Lost mutation: You evolve. [potion of mutation]
 82900 | Coc:1    | Lost mutation: You are partially covered in rugged brown
                  | scales. (AC +1, +3% HP) [potion of mutation]
 82900 | Coc:1    | Lost mutation: Your body sometimes deteriorates upon taking
                  | damage. [potion of mutation]
 82900 | Coc:1    | Lost mutation: You are weak. (Str -2) [potion of mutation]
 82900 | Coc:1    | Gained mutation: You are partially covered in iridescent
                  | scales. (AC +2) [potion of mutation]
 82901 | Coc:1    | Lost mutation: You are partially covered in molten scales.
                  | (AC +2) [potion of mutation]
 82901 | Coc:1    | Lost mutation: You often lose your temper in combat.
                  | [potion of mutation]
 82901 | Coc:1    | Lost mutation: You tend to lose your temper in combat.
                  | [potion of mutation]
 82901 | Coc:1    | Gained mutation: You have sharp toenails. [potion of
                  | mutation]
 82901 | Coc:1    | Gained mutation: You have a pair of small antennae on your
                  | head. [potion of mutation]
 83351 | Coc:2    | Received a gift from Nemelex Xobeh
 84388 | Coc:4    | Received a gift from Nemelex Xobeh
 84397 | Coc:4    | HP: 9/183 [four-headed hydra zombie (4)]
 84399 | Coc:4    | HP: 4/183 [golden dragon zombie (3)]
 85048 | Coc:6    | Received a gift from Nemelex Xobeh
 85299 | Coc:7    | Gained mutation: You are frail. (-10% HP) [a neqoxec]
 85381 | Coc:7    | Lost mutation: You have sharp toenails. [potion of
                  | mutation]
 85381 | Coc:7    | Lost mutation: You are frail. (-10% HP) [potion of
                  | mutation]
 85381 | Coc:7    | Gained mutation: You are partially covered in molten
                  | scales. (AC +2) [potion of mutation]
 85381 | Coc:7    | Gained mutation: You are surrounded by a mild repulsion
                  | field. (EV +2) [potion of mutation]
 85831 | Coc:7    | Noticed Antaeus
 85851 | Coc:7    | Killed Antaeus
 85862 | Coc:7    | Got an icy rune of Zot
 86740 | D:10     | Bought a scroll of blinking for 210 gold pieces
 86740 | D:10     | Bought a potion of haste for 280 gold pieces
 87089 | Tomb:1   | Entered Level 1 of the Tomb of the Ancients
 87322 | Tomb:1   | Received a gift from Nemelex Xobeh
 87436 | Tomb:1   | Noticed a greater mummy
 87465 | Tomb:1   | Noticed a greater mummy
 87472 | Tomb:1   | Killed a greater mummy
 87485 | Tomb:1   | Noticed a greater mummy
 87485 | Tomb:1   | Noticed a greater mummy
 87486 | Tomb:1   | Noticed a greater mummy
 87486 | Tomb:1   | Noticed a greater mummy
 87734 | Tomb:1   | Noticed a greater mummy
 87749 | Tomb:1   | Killed a greater mummy
 87777 | Tomb:1   | Killed a greater mummy
 88349 | Tomb:1   | Noticed a greater mummy
 88362 | Tomb:1   | Killed a greater mummy
 88363 | Tomb:1   | Noticed a greater mummy
 88382 | Tomb:1   | Killed a greater mummy
 88390 | Tomb:1   | Noticed a greater mummy
 88391 | Tomb:1   | Killed a greater mummy
 90122 | Tomb:2   | Noticed a greater mummy
 90125 | Tomb:2   | Noticed a greater mummy
 90191 | Tomb:2   | Noticed a greater mummy
 90191 | Tomb:2   | Noticed a greater mummy
 90316 | Tomb:2   | Received a gift from Nemelex Xobeh
 90393 | Tomb:1   | Killed a greater mummy
 90569 | Tomb:2   | Gained mutation: You occasionally shout uncontrollably at
                  | your foes. [the power of Zot]
 90569 | Tomb:2   | Gained mutation: Armour fits poorly on your strangely
                  | shaped body. [the power of Zot]
 90718 | Tomb:2   | Lost mutation: You are occasionally teleported next to
                  | monsters. [potion of mutation]
 90718 | Tomb:2   | Lost mutation: You are partially covered in iridescent
                  | scales. (AC +2) [potion of mutation]
 90718 | Tomb:2   | Lost mutation: You occasionally shout uncontrollably at
                  | your foes. [potion of mutation]
 90718 | Tomb:2   | Lost mutation: Armour fits poorly on your strangely shaped
                  | body. [potion of mutation]
 90718 | Tomb:2   | Gained mutation: You are partially covered in thin metallic
                  | scales. (AC +2) [potion of mutation]
 90718 | Tomb:2   | Gained mutation: Your spells are a little harder to cast,
                  | but a little more powerful. [potion of mutation]
 90720 | Tomb:3   | Entered Level 3 of the Tomb of the Ancients
 90732 | Tomb:3   | Noticed Mennas
 90737 | Tomb:3   | Found the +9 staff of Wucad Mu {channel}
 90737 | Tomb:3   | Found the +2 Maxwell's thermic engine {flame, freeze}
 90741 | Tomb:3   | Noticed a greater mummy
 90754 | Tomb:3   | Killed a greater mummy
 90824 | Tomb:3   | Noticed Sojobo
 90837 | Tomb:3   | Killed Sojobo
 90851 | Tomb:3   | Noticed a greater mummy
 90853 | Tomb:3   | Killed Mennas
 90853 | Tomb:3   | Noticed a greater mummy
 90854 | Tomb:3   | Noticed a greater mummy
 90859 | Tomb:3   | Noticed a greater mummy
 90860 | Tomb:3   | Noticed Boris
 90860 | Tomb:3   | Noticed a greater mummy
 90861 | Tomb:3   | Noticed a greater mummy
 90861 | Tomb:3   | Gained mutation: You tend to lose your temper in combat. [a
                  | neqoxec]
 90862 | Tomb:3   | Killed Boris
 90862 | Tomb:3   | Reached skill level 27 in Invocations
 90865 | Tomb:3   | Noticed a greater mummy
 90866 | Tomb:3   | Killed a greater mummy
 90866 | Tomb:3   | Killed a greater mummy
 90866 | Tomb:3   | Killed a greater mummy
 90867 | Tomb:3   | Killed a greater mummy
 90915 | Tomb:3   | Noticed Khufu
 90916 | Tomb:3   | Noticed a greater mummy
 91779 | Depths:4 | Voluntarily entered the Abyss.
 91779 | Abyss:1  | Found a corrupted altar of Lugonu.
 91855 | Abyss:1  | Found a corrupted altar of Lugonu.
 91917 | Abyss:1  | Lost mutation: You tend to lose your temper in combat. [a
                  | neqoxec]
 91960 | Abyss:1  | Received a gift from Nemelex Xobeh
 92055 | Abyss:1  | Found a basalt altar of Yredelemnul.
 92122 | Abyss:1  | Received a gift from Nemelex Xobeh
 92569 | Abyss:1  | Received a gift from Nemelex Xobeh
 92657 | Abyss:1  | Received a gift from Nemelex Xobeh
 92758 | Abyss:1  | Received a gift from Nemelex Xobeh
 93217 | Abyss:1  | Received a gift from Nemelex Xobeh
 93430 | Abyss:1  | Found a radiant altar of Vehumet.
 93552 | Abyss:1  | Paralysed by accursed screaming for 2 turns
 93562 | Abyss:1  | Paralysed by accursed screaming for 2 turns
 93630 | Abyss:1  | Received a gift from Nemelex Xobeh
 93676 | Abyss:1  | Found a burning altar of Makhleb.
 93885 | Abyss:1  | Gained mutation: You are frail. (-10% HP) [a neqoxec]
 94086 | Abyss:1  | Received a gift from Nemelex Xobeh
 94141 | Abyss:1  | Gained mutation: You occasionally shout uncontrollably at
                  | your foes. [a shining eye]
 94145 | Abyss:1  | Gained mutation: Your body sometimes deteriorates upon
                  | taking damage. [a shining eye]
 94352 | Abyss:2  | Received a gift from Nemelex Xobeh
 94764 | Abyss:2  | Received a gift from Nemelex Xobeh
 94884 | Abyss:2  | Received a gift from Nemelex Xobeh
 95021 | Depths:4 | Escaped the Abyss
 95023 | Depths:4 | Lost mutation: You are frail. (-10% HP) [potion of
                  | mutation]
 95023 | Depths:4 | Lost mutation: You occasionally shout uncontrollably at
                  | your foes. [potion of mutation]
 95023 | Depths:4 | Gained mutation: Your spells are harder to cast, but more
                  | powerful. [potion of mutation]
 95023 | Depths:4 | Gained mutation: You are somewhat resistant to further
                  | mutation. [potion of mutation]
 95586 | Tomb:2   | Killed a greater mummy
 95625 | Tomb:2   | Killed a greater mummy
 95654 | Tomb:2   | Killed a greater mummy
 96053 | Tomb:2   | Killed Khufu
 96130 | Tomb:3   | Killed a greater mummy
 96144 | Tomb:3   | Noticed a greater mummy
 96159 | Tomb:3   | Killed a greater mummy
 96177 | Tomb:3   | Received a gift from Nemelex Xobeh
 96227 | Tomb:3   | Killed a greater mummy
 96240 | Tomb:3   | Killed a greater mummy
 96247 | Tomb:3   | Killed a greater mummy
 96411 | Tomb:3   | Identified the Handbook of the Quantum Glacier
 96418 | Tomb:3   | Identified the +1 pair of boots of Tuti Lipp {rF+} (You
                  | found it on level 3 of the Tomb of the Ancients)
 96516 | Tomb:3   | Identified the +0 pair of gloves of Boiling Hail {rF+
                  | Str+2} (You found it on level 3 of the Tomb of the
                  | Ancients)
 96524 | Tomb:3   | Got a wavering platinum ring
 96525 | Tomb:3   | Identified the ring of Qoat {Str+3 Dex+4 SInv Stlth+} (You
                  | found it on level 3 of the Tomb of the Ancients)
 96600 | Tomb:3   | Found the +3 salamander hide armour {+Rage rF++}
 96700 | Tomb:3   | Got a golden rune of Zot
 97422 | Tar:1    | Entered Level 1 of Tartarus
 97959 | Tar:7    | Entered Level 7 of Tartarus
 98025 | Tar:7    | Received a gift from Nemelex Xobeh
 98210 | Tar:7    | Received a gift from Nemelex Xobeh
 99201 | Tar:7    | Received a gift from Nemelex Xobeh
 99709 | Tar:7    | Gained mutation: Your magical capacity is low. (-10% MP)
                  | [mutagenic glow]
 99886 | Tar:7    | Noticed Ereshkigal
 99908 | Tar:7    | Killed Ereshkigal
 99963 | Tar:7    | Got a bone rune of Zot
100565 | Depths:4 | Voluntarily entered the Abyss.
100614 | Abyss:1  | Received a gift from Nemelex Xobeh
101103 | Abyss:3  | Found a corrupted altar of Lugonu.
101103 | Abyss:3  | Found a corrupted altar of Lugonu.
101164 | Abyss:3  | Received a gift from Nemelex Xobeh
101225 | Abyss:3  | Noticed an ancient lich
101239 | Abyss:3  | Killed an ancient lich
101282 | Abyss:3  | Got an abyssal rune of Zot
101377 | Abyss:3  | Paralysed by accursed screaming for 1 turns
101497 | Depths:4 | Escaped the Abyss
102343 | Zot:5    | Entered Level 5 of the Realm of Zot
102343 | Zot:5    | Received a gift from Nemelex Xobeh
102415 | Zot:5    | Noticed an orb of fire
102429 | Zot:5    | Gained mutation: You are frail. (-10% HP) [an orb of fire]
102433 | Zot:5    | Killed an orb of fire
102487 | Zot:5    | Received a gift from Nemelex Xobeh
102773 | Zot:5    | Received a gift from Nemelex Xobeh
102836 | Zot:5    | Noticed an orb of fire
102836 | Zot:5    | Noticed an ancient lich
102836 | Zot:5    | Noticed an ancient lich
102858 | Zot:5    | Killed an orb of fire
102864 | Zot:5    | Killed an ancient lich
102873 | Zot:5    | Killed an ancient lich
102887 | Zot:5    | Noticed an ancient lich
102897 | Zot:5    | Killed an ancient lich
102933 | Zot:5    | Noticed an orb of fire
102948 | Zot:5    | Killed an orb of fire
102952 | Zot:5    | Noticed an ancient lich
102965 | Zot:5    | Killed an ancient lich
102965 | Zot:5    | Reached skill level 27 in Fighting
102965 | Zot:5    | Reached skill level 27 in Shields
103064 | Zot:5    | Received a gift from Nemelex Xobeh
103088 | Zot:5    | Got the Orb of Zot
103590 | D:8      | Noticed Qunilide the pandemonium lord
103647 | D:7      | Killed Qunilide the pandemonium lord
103687 | D:6      | Noticed Cikheb the pandemonium lord
103711 | D:5      | Gained mutation: You are weak. (Str -2) [a cacodemon]
103812 | D:$      | Escaped with the Orb!

Skill      XL: |  1  2  3  4  5  6  7  8  9 10 11 12 13 14 15 16 17 18 19 20 21 22 23 24 25 26 27 |
---------------+----------------------------------------------------------------------------------+-----
Maces & Flails | 2 3 4 5 6 7 8 9 10 11 12 13 14 15 16 17 18 19 21 | 21.8
Fighting       | 3 4 5 6 7 8 9 10 11 12 13 14 15 16 17 18 19 27 | 27.0
Shields        | 3 4 5 6 7 8 9 10 11 12 13 14 15 16 17 18 19 27 | 27.0
Armour         | 3 4 5 6 7 8 9 10 11 12 13 14 15 16 17 25 | 25.4
Invocations    | 1 3 4 6 7 9 10 11 12 13 14 15 16 17 18 19 20 27 | 27.0
Dodging        | 2 20 | 20.0

Action                   |  1- 3 |  4- 6 |  7- 9 | 10-12 | 13-15 | 16-18 | 19-21 | 22-24 | 25-27 || total
-------------------------+-------+-------+-------+-------+-------+-------+-------+-------+-------++-------
Melee: Flail             |    74 |   175 |   326 |   741 |  1774 |  1164 |  1425 |  1405 | 12072 || 19156
       Bite              |    13 |    53 |   130 |   312 |   863 |   536 |   827 |   876 |  7556 || 11166
       Morningstar       |       |       |    49 |     4 |       |    87 |       |       |       ||   140
Invok: Stack Five        |       |       |       |       |     1 |     1 |     2 |     2 |     8 ||    14
       Deal Four         |       |       |       |       |       |     1 |     1 |       |    27 ||    29
       Triple Draw       |       |       |       |       |       |       |     1 |       |     2 ||     3
 Abil: Draw Destruction  |       |       |     5 |    17 |       |    20 |    17 |     8 |    75 ||   142
       Draw Escape       |       |       |     2 |       |       |       |     1 |       |     5 ||     8
       Draw Summoning    |       |       |     1 |     3 |     3 |     6 |     6 |     8 |    36 ||    63
       Draw Stack        |       |       |       |       |       |     6 |     1 |     2 |    17 ||    26
Evoke: Wand              |       |       |       |       |       |       |       |       |     1 ||     1
  Use: Scroll            |       |       |     1 |     1 |     3 |    29 |     8 |    16 |    85 ||   143
       Potion            |       |       |       |       |       |     2 |       |       |    49 ||    51
 Stab: Distracted        |       |       |       |     2 |       |     3 |       |       |    11 ||    16
       Petrified         |       |       |       |       |       |       |     8 |       |     3 ||    11
       Paralysed         |       |       |       |       |       |       |       |     2 |     6 ||     8
       Confused          |       |       |       |       |       |       |       |       |     1 ||     1
  Eat: Chunk             |       |     5 |     7 |    13 |    33 |    24 |    16 |    28 |    64 ||   190
       Ration            |       |       |     1 |       |     1 |       |     3 |       |    42 ||    47
Armor: Storm dragon scal |    46 |   113 |   229 |   421 |   907 |   537 |   602 |   432 |       ||  3287
       Scale mail        |     1 |       |       |       |       |       |       |       |       ||     1
       Plate armour      |       |       |       |       |       |    12 |       |   134 |   291 ||   437
       Gold dragon scale |       |       |       |       |       |       |       |       |  2541 ||  2541
       Crystal plate arm |       |       |       |       |       |       |       |       |  3177 ||  3177
       Chain mail        |       |       |       |       |       |       |       |       |    27 ||    27
       Skin              |       |       |       |       |       |       |       |       |     6 ||     6
Dodge: Dodged            |    18 |    41 |    75 |   133 |   387 |   248 |   377 |   326 |  5825 ||  7430
Block: Shield            |    39 |    80 |   210 |   450 |   925 |   592 |   896 |   837 | 10205 || 14234
       Reflection        |       |       |       |       |       |     6 |    80 |    90 |    92 ||   268
